 Dungeon Crawl Stone Soup version 0.30.1-11-g7821555f0a (webtiles) character file.

Game seed: 3475008516631616766

207 eliilek the Covered (level 5, 0/47 HPs)
             Began as a Minotaur Fighter on Nov 5, 2023.
             Slain by a kobold brigand
             ... wielding a +0 whip
              (2 damage)
             ... in a sewer.
             The game lasted 00:05:21 (1882 turns).

eliilek the Covered (Minotaur Fighter)              Turns: 1882, Time: 00:05:21

Health: 0/47       AC: 15    Str: 23    XL:     5   Next: 54%
Magic:  4/4        EV:  9    Int:  5    God:
Gold:   107        SH:  4    Dex:  9    Spells: 4/4 levels left

rFire   . . .        a - +1 flail
rCold   . . .        c - +0 buckler
rNeg    . . .        e - +0 chain mail
rPois   .            (helmet restricted)
rElec   .            (no cloak)
rCorr   .            i - +2 pair of gloves
SInv    .            o - +1 pair of boots
Will    .....        (no amulet) Stlth
                     (no ring)
HPRegen 0.27/turn    (no ring)
MPRegen 0.09/turn

%: no passive effects
@: slowed, very slow
A: horns 2, retaliatory headbutt
a: no special abilities


You were in a sewer.
You visited 1 branch of the dungeon, and saw 3 of its levels.
You also visited: Sewer.

You collected 107 gold pieces.

Inventory:

Hand Weapons
 a - a +1 flail (weapon)
Missiles
 j - 11 poisoned darts (quivered)
Armour
 c - a +0 buckler (worn)
 e - a +0 chain mail (worn)
 i - a +2 pair of gloves (worn)
 o - a +1 pair of boots (worn)
Jewellery
 f - a +6 ring of intelligence
Wands
 m - a wand of mindburst (13)
 r - a wand of charming (5)
Scrolls
 b - a scroll of enchant armour
 n - a scroll of magic mapping {unknown}
 q - a scroll of amnesia {unknown}
Potions
 d - a potion of might
 g - a potion of mutation {unknown}
 h - a potion of ambrosia {unknown}
 k - a potion of curing
 l - 2 potions of haste {unknown}
 p - a potion of brilliance {unknown}
 s - a potion of heal wounds {unknown}
 t - a potion of invisibility {unknown}


   Skills:
 + Level 4.6 Fighting
 - Level 2.4 Maces & Flails
 * Level 5.5 Armour
 + Level 2.4 Dodging
 + Level 4.7 Shields


You had 4 spell levels left.
You didn't know any spells.
Your spell library contained the following spells:

 Spells                   Type           Power      Damage    Failure   Level
 Ozocubu's Armour         Ice            0%         N/A       100%        3
 Ozocubu's Refrigeration  Ice            0%         4d7       100%        7


Dungeon Overview and Level Annotations

Branches:
Dungeon (3/15)              Sewer (1/1)

Altars:

Annotations:
D:3 2 transporters


Innate Abilities, Weirdness & Mutations

You have a pair of horns on your head.
You reflexively headbutt those who attack you in melee.


Message History

The kobold hits you but does no damage.
The kobold brigand hits you with a +0 whip!
The kobold barely misses you.
You sock the kobold!
You kill the kobold!
You feel very sick. The kobold brigand closely misses you.
The kobold brigand hits you with a +0 whip.
* * * LOW HITPOINT WARNING * * *
It was a potion of curing.
You feel better. The kobold brigand closely misses you.
The kobold brigand barely misses you. You furiously retaliate!
You headbutt the kobold brigand, but do no damage.
You hit the kobold brigand but do no damage.
Your headbutt misses the kobold brigand.
The kobold brigand hits you but does no damage.
The kobold brigand hits you with a +0 whip.
* * * LOW HITPOINT WARNING * * *
You sock the kobold brigand!
Your headbutt misses the kobold brigand.
The kobold brigand is heavily wounded.
The kobold brigand hits you with a +0 whip.
* * * LOW HITPOINT WARNING * * *
The kobold brigand hits you but does no damage.
You closely miss the kobold brigand.
Your headbutt misses the kobold brigand.
The kobold brigand is heavily wounded.
The kobold brigand hits you with a +0 whip.
* * * LOW HITPOINT WARNING * * *
The kobold brigand hits you with a +0 whip.
* * * LOW HITPOINT WARNING * * *
You barely miss the kobold brigand.
The kobold brigand is heavily wounded.
The kobold brigand hits you but does no damage. x2
Unknown command.
You barely miss the kobold brigand. You headbutt the kobold brigand.
The kobold brigand is severely wounded.
The kobold brigand hits you but does no damage.
The kobold brigand hits you with a +0 whip.
You die...

#~≈~#.∩∩# #~~~'...#
######~≈~######
#...!#~≈~#.)..#
#.!∩.#~≈~#.∩..#
#....#~≈~#....#
.!..#~≈~#.)..#
###K'##~~~##)'##
###.@)..#~≈~#.).P#
#.....P.#~≈~#~...###
#.......#~≈~~~~...P#
#.......#~≈~~~~...##
#......~#~≈~#~~...##
#.....~~#~~~#~~....#
##....P~~#~≈~#......#
#......~~~~≈~#......#
#......~~~~≈~#......#


You could see a kobold brigand.

Vanquished Creatures
  A kobold brigand (Sewer)
  3 adders
  A gnoll (D:1)
  A worm (D:2)
  3 dart slugs
  2 bats (Sewer)
  9 endoplasms
  5 giant cockroaches
  3 goblins
  7 hobgoblins
  7 jackals (D:1)
  23 kobolds
  5 quokkas
  6 ball pythons
  3 frilled lizards
  6 rats
85 creatures vanquished.

Notes
Turn   | Place    | Note
-------+----------+-------------------------------------------
     0 | D:1      | eliilek the Minotaur Fighter began the quest for the Orb.
     0 | D:1      | Reached XP level 1. HP: 19/19 MP: 0/0
    62 | D:1      | Reached skill level 4 in Armour
    62 | D:1      | Reached XP level 2. HP: 20/27 MP: 1/1
   264 | D:1      | Reached skill level 1 in Dodging
   292 | D:1      | Reached XP level 3. HP: 33/33 MP: 2/2
   376 | D:1      | You fall into a shaft and drop 1 floor!
   722 | D:1      | Reached XP level 4. HP: 36/40 MP: 3/3
  1504 | D:3      | Reached skill level 5 in Armour
  1519 | D:3      | Found a transporter.
  1519 | D:3      | Found a transporter.
  1540 | D:3      | Found a glowing drain.
  1554 | Sewer    | Entered a sewer
  1571 | Sewer    | Noticed a kobold brigand
  1585 | Sewer    | Killed a kobold brigand
  1586 | Sewer    | Reached XP level 5. HP: 18/47 MP: 4/4
  1880 | Sewer    | HP: 1/47 [kobold brigand/+0 whip (2)]
  1882 | Sewer    | Slain by a kobold brigand

Illustrated notes

Levels and vault maps discovered:
D:1:      dpeg_arrival_central, layout_rooms, minivault_25, st_stairs_10
D:2:      layout_loops_ring, minmay_tiny_reverse_x
D:3:      layout_basic, nicolae_vehumet_altar_sigil, serial_glass,
          glass_columns_a, glass_columns_a, gammafunk_ghost_abyssal_escape,
          portal_sewer_entry_f
Sewer:    kennysheep_pipe_town

Skill      XL: |  1  2  3  4 |
---------------+-------------+-----
Armour         | 4 5 |  5.5
Dodging        | 1 2 |  2.4
Shields        | 4 |  4.7
Fighting       | 4 |  4.6
Maces & Flails | |  2.4

Action                     |  1- 3 |  4- 6 || total
---------------------------+-------+-------++-------
  Melee: Flail             |    89 |   101 ||   190
         Headbutt          |    12 |    11 ||    23
    Use: Scroll            |       |     7 ||     7
         Potion            |       |     2 ||     2
 Armour: Chain mail        |    54 |    66 ||   120
         Scale mail        |     1 |       ||     1
  Dodge: Dodged            |    29 |    42 ||    71
  Block: Buckler           |    22 |    17 ||    39
